 Dungeon Crawl Stone Soup version 0.27-a0-445-gbe96e517c0 (webtiles) character file.

Game seed: 14620316976290566689

333 Morbidden the Conjurer (level 6, -8/47 HPs)
             Began as a Demigod Conjurer on Feb 27, 2021.
             Mangled by a hornet (15 damage)
             ... while paralysed by a hornet
             ... on level 3 of the Dungeon.
             The game lasted 00:04:52 (3354 turns).

Morbidden the Conjurer (Demigod Conjurer)           Turns: 3354, Time: 00:04:53

Health: -8/47      AC:  4    Str:  8    XL:     6   Next: 5%
Magic:  0/13       EV:  2    Int: 28    God:
Gold:   69         SH:  0    Dex: 24    Spells: 2/11 levels left

rFire    . . .     SeeInvis .   d - +0 dagger
rCold    . . .     Faith    .   (no shield)
rNeg     . . .     Spirit   .   a - +0 robe
rPois    .         Reflect  .   (no helmet)
rElec    .         Harm     .   (no cloak)
rCorr    .         Rampage  .   c - +0 pair of gloves
Will     .....                  q - +0 pair of boots
Stlth    +++.......             (no amulet)
HPRegen  0.15/turn              b - +6 ring of dexterity
MPRegen  0.13/turn              e - +6 ring of dexterity

@: paralysed, flying, hasted
A: high mp 1
a: no special abilities


You were on level 3 of the Dungeon.
You visited 1 branch of the dungeon, and saw 3 of its levels.

You collected 69 gold pieces.

Inventory:

Hand Weapons
 d - a +0 dagger (weapon)
Missiles
 o - 12 poisoned darts (quivered)
Armour
 a - a +0 robe (worn)
 c - a +0 pair of gloves (worn)
 q - a +0 pair of boots (worn)
Jewellery
 b - a +6 ring of dexterity (left hand)
 e - a +6 ring of dexterity (right hand)
 r - a ring of magical power
Scrolls
 g - a scroll of amnesia {unknown}
 h - 2 scrolls of blinking {unknown}
 k - 2 scrolls of enchant armour {unknown}
 l - a scroll of random uselessness {unknown}
 m - a scroll of identify {unknown}
Potions
 f - a potion of haste
 j - a potion of heal wounds {unknown}
 n - a potion of curing {unknown}
 p - a potion of berserk rage {unknown}


   Skills:
 * Level 1.2 Fighting
 + Level 0.6 Short Blades
 * Level 2.4 Dodging
 + Level 2.3 Stealth
 * Level 3.2 Spellcasting
 * Level 5.2 Conjurations
 * Level 0.7 Translocations


You had 2 spell levels left.
You knew the following spells:

 Your Spells              Type           Power        Failure   Level
a - Magic Dart            Conj           100%         1%          1
b - Searing Ray           Conj           66%          1%          2
c - Iskenderun's Mystic   Conj/Tloc      21%          24%         4
d - Blink                 Tloc           N/A          9%          2

Your spell library contained the following spells:

 Spells                   Type           Power        Failure   Level
 Call Imp                 Summ           4%           12%         2
 Slow                     Hex            4%           12%         2
 Conjure Flame            Conj/Fire      19%          9%          3
 Dazzling Flash           Conj/Hex       38%          9%          3
 Mephitic Cloud           Conj/Pois/Air  14%          12%         3
 Fulminant Prism          Conj/Hex       9%           26%         4


Dungeon Overview and Level Annotations

Branches:
Dungeon (3/15)


Innate Abilities, Weirdness & Mutations

You have an increased reservoir of magic. (+10% MP)


Message History

Casting: Blink (safe; 9% risk of failure)
Confirm with . or Enter, or press ? or * to list all spells.
Aiming: Magic Dart (safe; 1% risk of failure)
Press: ? - help, Shift-Dir - straight line, f/p - hornet
Aim: a hornet (severely wounded, 0% to evade)
The magic dart hits the hornet but does no damage.
The hornet is severely wounded.
Unknown command.
Casting: Magic Dart (safe; 1% risk of failure)
Confirm with . or Enter, or press ? or * to list all spells.
Aiming: Magic Dart (safe; 1% risk of failure)
Press: ? - help, Shift-Dir - straight line, f/p - hornet
Aim: a hornet (severely wounded, 0% to evade)
The magic dart hits the hornet but does no damage.
The hornet is severely wounded.
The hornet barely misses you.
Unknown command.
Throw: 13 darts (poison)
Press: ? - help, Q - select action, (/) - cycle Shift-Dir - straight line, f/p - hornet
Aim: a hornet (severely wounded, 51% to hit)
You throw a poisoned dart.
The poisoned dart closely misses the hornet.
The hornet stings you!
* * * LOW HITPOINT WARNING * * *
You feel yourself slow down.
Unknown command.
Throw: 12 darts (poison)
Press: ? - help, Q - select action, (/) - cycle Shift-Dir - straight line, f/p - hornet
Aim: a hornet (severely wounded, 51% to hit)
Okay, then.
Unknown command.
It was a potion of flight.
You feel very buoyant.
You fly up into the air.
The hornet stings you.
* * * LOW HITPOINT WARNING * * *
You suddenly lose the ability to move!
The hornet stings you but does no damage.
You feel yourself speed up. The hornet stings you!
You die...

...............##
#......#######..######
#...... ##......####
†...... #.####....#
..## #.## ##.#.. #
##.###.###. #. .#
##.#.## #.
#.###.######...####.
#..@..(.............
####y#..####...#####
#...(#.##.#.##
##......#.###.##
#......(.#####.#
#.......†...#..#
#.............##
##......(..####
##...#...##


You could see a hornet.

Vanquished Creatures
  Sigmund (D:2)
  7 adders
  4 gnolls
  A white imp (D:2)
  2 worms (D:2)
  A dart slug (D:1)
  2 leopard geckos
  8 bats
  3 giant cockroaches
  8 goblins
  10 hobgoblins
  3 jackals (D:2)
  3 frilled lizards (D:2)
  4 kobolds
  7 rats
64 creatures vanquished.

Notes
Turn   | Place    | Note
-------+----------+-------------------------------------------
     0 | D:1      | Morbidden the Demigod Conjurer began the quest for the Orb.
     0 | D:1      | Reached XP level 1. HP: 14/14 MP: 5/5
     6 | D:1      | Noticed an anaconda
     6 | D:1      | Noticed a wyvern
     7 | D:1      | Noticed a hog
   322 | D:1      | Reached XP level 2. HP: 16/20 MP: 4/7
   516 | D:1      | Learned a level 2 spell: Searing Ray
   537 | D:1      | Reached skill level 4 in Conjurations
   895 | D:1      | Reached XP level 3. HP: 27/27 MP: 3/8
  1807 | D:2      | Reached XP level 4. HP: 34/34 MP: 6/10
  2709 | D:2      | Learned a level 4 spell: Iskenderun's Mystic Blast
  2715 | D:2      | Noticed Sigmund
  2719 | D:2      | Killed Sigmund
  2720 | D:2      | Reached skill level 1 in Fighting
  2720 | D:2      | Reached skill level 5 in Conjurations
  2720 | D:2      | Reached XP level 5. HP: 29/40 MP: 5/12
  2981 | D:2      | Reached XP level 6. HP: 47/47 MP: 10/13
  3226 | D:3      | Learned a level 2 spell: Blink
  3335 | D:3      | Noticed a hornet
  3353 | D:3      | Paralysed by a hornet for 3 turns
  3354 | D:3      | Mangled by a hornet

Illustrated notes

Levels and vault maps discovered:
D:1:      onia_arrival_zoo_common, layout_loops_ring, minmay_cut_off
D:2:      minmay_skewed_foursquare, layout_basic, uniq_sigmund
D:3:      layout_rooms, hex_intersection

Skill      XL: |  1  2  3  4 |
---------------+-------------+-----
Stealth        | 2 |  2.3
Spellcasting   | 2 3 |  3.2
Conjurations   | 4 5 |  5.2
Dodging        | 2 |  2.4
Fighting       | 1 |  1.2
Short Blades   | |  0.6
Translocations | |  0.7

Action                   |  1- 3 |  4- 6 || total
-------------------------+-------+-------++-------
Melee: Dagger            |    10 |       ||    10
Throw: Dart              |       |     5 ||     5
 Cast: Magic Dart        |    66 |    50 ||   116
       Searing Ray       |     3 |     8 ||    11
       Blink             |       |     4 ||     4
  Use: Potion            |       |     2 ||     2
Armor: Robe              |     8 |     2 ||    10
Dodge: Dodged            |    15 |     4 ||    19

Table legend: (Time is in decaauts)
 A = Elapsed time spent in this place.
 B = Non-inter-level travel time spent in this place.
 C = Inter-level travel time spent in this place.
 D = Time resting spent in this place.
 E = Time spent auto-exploring this place.
 F = Levels seen in this place.
 G = Mean time per level.
                   A        B        C        D        E       F      G
               +--------+--------+--------+--------+--------+-----+--------+
         Total |   3355 |   3253 |    102 |    307 |   2592 |   3 | 1118.3 |
       Dungeon |   3355 |   3253 |    102 |    307 |   2592 |   3 | 1118.3 |
               +--------+--------+--------+--------+--------+-----+--------+

Top non-repeatable levels by time:
     D:2: 1785 daAuts
     D:1: 1366 daAuts
     D:3: 202 daAuts
